 Dungeon Crawl Stone Soup version 0.29.1-4-g47bece8355 (webtiles) character file.

Game seed: 9300300162269843143

333 zeram the Shield-Bearer (level 6, -1/53 HPs)
             Began as a Gnoll Fighter on Dec 9, 2022.
             Slain by a water moccasin (2 damage)
             ... on level 4 of the Dungeon.
             The game lasted 00:03:50 (3751 turns).

zeram the Shield-Bearer (Gnoll Fighter)             Turns: 3751, Time: 00:03:50

Health: -1/53      AC:  2    Str: 17    XL:     6   Next: 52%
Magic:  9/9        EV: 12    Int: 11    God:
Gold:   105        SH:  5    Dex: 12    Spells: 5/9 levels left

rFire   . . .      SeeInvis .   a - +0 trident
rCold   . . .      Faith    .   c - +0 buckler
rNeg    . . .      Spirit   .   n - +0 robe "Wewudirgh" {Int+4 Stlth+}
rPois   .          Reflect  .   (no helmet)
rElec   .          Harm     .   (no cloak)
rCorr   .          Rampage  .   (no gloves)
Will    .....                   (no boots)
Stlth   +++.......              (no amulet)
HPRegen 0.17/turn               (no ring)
MPRegen 0.11/turn               (no ring)

@: lethally poisoned (-1 -> -29)
A: fangs 1, strong nose, distributed training
a: no special abilities


You were on level 4 of the Dungeon.
You visited 1 branch of the dungeon, and saw 4 of its levels.

You collected 105 gold pieces.

Inventory:

Hand Weapons
 a - a +0 trident (weapon)
Armour
 b - a +0 scale mail
 c - a +0 buckler (worn)
 n - the +0 robe "Wewudirgh" (worn) {Int+4 Stlth+}
   (You found it on level 4 of the Dungeon)

   Int:       It affects your intelligence (+4).
   Stlth:     It makes you more stealthy.
Scrolls
 e - 2 scrolls of teleportation
Potions
 d - a potion of flight {unknown}
 f - a potion of degeneration
 g - 3 potions of cancellation
 h - a potion of curing {unknown}
 i - a potion of attraction {unknown}
 j - a potion of mutation {unknown}
 k - a potion of berserk rage {unknown}
 l - a potion of resistance {unknown}
 m - a potion of invisibility {unknown}


   Skills:
 + Level 6.9 Fighting
 + Level 2.1 Short Blades
 + Level 2.1 Long Blades
 + Level 2.1 Axes
 + Level 2.1 Maces & Flails
 + Level 5.0 Polearms
 + Level 2.1 Staves
 + Level 2.1 Ranged Weapons
 + Level 2.1 Throwing
 + Level 6.9 Armour
 + Level 2.1 Dodging
 + Level 2.1 Stealth
 + Level 6.9 Shields
 + Level 2.1 Unarmed Combat
 + Level 2.1 Spellcasting
 + Level 1.6 Conjurations
 + Level 1.6 Hexes
 + Level 1.6 Summonings
 + Level 1.6 Necromancy
 + Level 1.6 Translocations
 + Level 1.6 Transmutations
 + Level 1.6 Fire Magic
 + Level 1.6 Ice Magic
 + Level 1.6 Air Magic
 + Level 1.6 Earth Magic
 + Level 1.6 Poison Magic
 + Level 2.3 Invocations
 + Level 2.1 Evocations


You had 5 spell levels left.
You knew the following spells:

 Your Spells              Type           Power      Damage    Failure   Level
a - Summon Lightning Spi  Summ/Air       4%         N/A       88%         4

Your spell library contained the following spells:

 Spells                   Type           Power      Damage    Failure   Level
 Storm Form               Tmut/Air       2%         N/A       100%        7
 Maxwell's Capacitive Co  Air            2%         ∞         100%        8


Dungeon Overview and Level Annotations

Branches:
Dungeon (4/15)
 Temple: D:4-7

Altars:
Qazlal

Shops:
D:3 (


Innate Abilities, Weirdness & Mutations

You have very sharp teeth.
Your uncanny sense of smell can sniff out nearby items.
Your experience applies equally to all skills.


Message History

You are too injured to fight recklessly!
You are too injured to fight recklessly!
You are too injured to fight recklessly!
You barely miss the worm. The worm bites you.
You puncture the worm!
The worm is heavily wounded.
The worm closely misses you.
You hit the worm. You bite the worm, but do no damage.
The worm is severely wounded.
You barely miss the worm.
The worm is severely wounded.
The worm bites you.
* * * LOW HITPOINT WARNING * * *
You hit the worm.
You kill the worm!
You see here a worm corpse.
You start resting.
A water moccasin comes into view.
The water moccasin hisses angrily.
The water moccasin bites you but does no damage.
The water moccasin bites you. The water moccasin bites you.
The water moccasin attacks as you move away!
The water moccasin bites you! The water moccasin bites you.
You are poisoned.
The water moccasin poisons you!
You hit the water moccasin. You bite the water moccasin.
The water moccasin is lightly wounded.
You feel very sick. The water moccasin bites you.
* * * LOW HITPOINT WARNING * * *
You hit the water moccasin. You bite the water moccasin.
The water moccasin is moderately wounded.
* * * LOW HITPOINT WARNING * * *
You feel very sick. The water moccasin bites you.
* * * LOW HITPOINT WARNING * * *
You are more poisoned.
The water moccasin poisons you! The water moccasin bites you.
You die...

....... .# ........##
..##.# ##
..........####.....
#.. ................
.. ...# #............#
.#....# #...÷##....#
.#....# ####....##..#
###....#
...:....))..###^....#
#####....†.@S...†...#
#..........####.## .
#..##.......### ..##.
.. ....#
##........##.....####^
###.
##.##.......#........
#
#.####.....###.#....#
#. #....####.# #..# .#
#..##.###..####.. ..
#.###..##........


You could see a water moccasin.

Vanquished Creatures
  Sigmund (D:2)
  An iguana (D:4)
  4 gnolls (D:4)
  3 adders
  3 worms
  5 dart slugs
  6 orcs (D:3)
  2 endoplasms
  3 giant cockroaches
  5 goblins
  3 hobgoblins
  4 jackals (D:1)
  3 quokkas
  4 ball pythons
  4 bats
  A frilled lizard (D:3)
  5 kobolds
  2 rats
59 creatures vanquished.

Vanquished Creatures (others)
  16 plants (D:3)
16 creatures vanquished.

Grand Total: 75 creatures vanquished

Notes
Turn   | Place    | Note
-------+----------+-------------------------------------------
     0 | D:1      | zeram the Gnoll Fighter began the quest for the Orb.
     0 | D:1      | Reached XP level 1. HP: 23/23 MP: 1/1
    31 | D:1      | Found a faded altar of an unknown god.
   114 | D:1      | Reached XP level 2. HP: 19/29 MP: 2/2
  1282 | D:2      | Noticed Sigmund
  1290 | D:2      | Killed Sigmund
  1291 | D:2      | Reached skill level 1 in Short Blades
  1291 | D:2      | Reached skill level 1 in Long Blades
  1291 | D:2      | Reached skill level 1 in Axes
  1291 | D:2      | Reached skill level 1 in Maces & Flails
  1291 | D:2      | Reached skill level 1 in Staves
  1291 | D:2      | Reached skill level 1 in Ranged Weapons
  1291 | D:2      | Reached skill level 1 in Throwing
  1291 | D:2      | Reached skill level 1 in Dodging
  1291 | D:2      | Reached skill level 1 in Stealth
  1291 | D:2      | Reached skill level 1 in Unarmed Combat
  1291 | D:2      | Reached skill level 1 in Spellcasting
  1291 | D:2      | Reached skill level 1 in Conjurations
  1291 | D:2      | Reached skill level 1 in Hexes
  1291 | D:2      | Reached skill level 1 in Summonings
  1291 | D:2      | Reached skill level 1 in Necromancy
  1291 | D:2      | Reached skill level 1 in Translocations
  1291 | D:2      | Reached skill level 1 in Transmutations
  1291 | D:2      | Reached skill level 1 in Fire Magic
  1291 | D:2      | Reached skill level 1 in Ice Magic
  1291 | D:2      | Reached skill level 1 in Air Magic
  1291 | D:2      | Reached skill level 1 in Earth Magic
  1291 | D:2      | Reached skill level 1 in Poison Magic
  1291 | D:2      | Reached skill level 1 in Invocations
  1291 | D:2      | Reached skill level 1 in Evocations
  1291 | D:2      | Reached XP level 3. HP: 29/35 MP: 2/5
  1291 | D:2      | Reached XP level 4. HP: 34/41 MP: 2/6
  1291 | D:2      | Reached XP level 5. HP: 39/47 MP: 2/7
  2510 | D:3      | Reached XP level 6. HP: 45/53 MP: 8/8
  2583 | D:3      | Found Aric Kae's Weapon Emporium.
  2721 | D:3      | Learned a level 4 spell: Summon Lightning Spire
  2792 | D:3      | Noticed a fire elemental
  2794 | D:3      | Found a stormy altar of Qazlal.
  2823 | D:3      | Noticed a water elemental
  2823 | D:3      | Noticed an air elemental
  3404 | D:4      | Reached skill level 5 in Polearms
  3540 | D:4      | Identified the +0 robe "Wewudirgh" {Int+4 Stlth+}
  3744 | D:4      | Noticed a water moccasin
  3751 | D:4      | HP: 1/53 [water moccasin (6)]
  3751 | D:4      | Slain by a water moccasin

Illustrated notes

Levels and vault maps discovered:
D:1:      amcnicky_arrival_blooded_trapdoor, layout_basic,
          ebering_ecumenical_altar_mist
D:2:      layout_basic, uniq_sigmund
D:3:      layout_loops_ring, nicolae_qazlal_style_of_elements, serial_shops,
          shop, minmay_fountain_box, wad_woods_river_04
D:4:      layout_layer_cave, lemuel_tele_altar, minmay_manual_mail

Skill      XL: |  1  2  3  4  5  6 |
---------------+-------------------+-----
Short Blades   | 1 2 |  2.1
Long Blades    | 1 2 |  2.1
Axes           | 1 2 |  2.1
Maces & Flails | 1 2 |  2.1
Staves         | 1 2 |  2.1
Ranged Weapons | 1 2 |  2.1
Throwing       | 1 2 |  2.1
Dodging        | 1 2 |  2.1
Stealth        | 1 2 |  2.1
Unarmed Combat | 1 2 |  2.1
Spellcasting   | 1 2 |  2.1
Conjurations   | 1 |  1.6
Hexes          | 1 |  1.6
Summonings     | 1 |  1.6
Necromancy     | 1 |  1.6
Translocations | 1 |  1.6
Transmutations | 1 |  1.6
Fire Magic     | 1 |  1.6
Ice Magic      | 1 |  1.6
Air Magic      | 1 |  1.6
Earth Magic    | 1 |  1.6
Poison Magic   | 1 |  1.6
Invocations    | 1 2 |  2.3
Evocations     | 1 2 |  2.1
Polearms       | 5 |  5.0
Fighting       | |  6.9
Armour         | |  6.9
Shields        | |  6.9

Action                   |  1- 3 |  4- 6 || total
-------------------------+-------+-------++-------
Melee: Trident           |    59 |   171 ||   230
       Bite              |     1 |    18 ||    19
  Use: Scroll            |     1 |     4 ||     5
       Potion            |     1 |       ||     1
Armor: Scale mail        |    24 |    52 ||    76
       Robe              |       |     2 ||     2
Dodge: Dodged            |    29 |    53 ||    82
Block: Buckler           |    17 |    31 ||    48
